 Dungeon Crawl Stone Soup version 0.27-a0-1595-g0b823d0a13 (webtiles) character file.

Game seed: 526778802962775658

129 Sin92 the Skirmisher (level 4, -2/52 HPs)
             Began as a Demonspawn Fighter on July 20, 2021.
             Killed from afar by an orc wizard (5 damage)
             ... with a magic dart
             ... on level 3 of the Dungeon.
             The game lasted 00:02:30 (2477 turns).

Sin92 the Skirmisher (Demonspawn Fighter)           Turns: 2477, Time: 00:02:31

Health: -2/52      AC:  6    Str: 17    XL:     4   Next: 88%
Magic:  4/4        EV:  7    Int: 10    God:
Gold:   188        SH:  9    Dex: 12    Spells: 3/3 levels left

rFire    . . .     SeeInvis .   a - +0 war axe
rCold    . . .     Faith    .   c - +0 kite shield
rNeg     . . .     Spirit   .   b - +0 scale mail
rPois    .         Reflect  .   (no helmet)
rElec    .         Harm     .   (no cloak)
rCorr    .         Rampage  .   (no gloves)
Will     .....                  (no boots)
Stlth    ..........             k - amulet of the acrobat
HPRegen  0.17/turn              (no ring)
MPRegen  0.09/turn              (no ring)

@: berserking (expiring), very quick
A: demonic guardian 1, demonic magic 2
a: no special abilities


You were on level 3 of the Dungeon.
You visited 1 branch of the dungeon, and saw 3 of its levels.

You collected 188 gold pieces.

Inventory:

Hand Weapons
 a - a +0 war axe (weapon)
Armour
 b - a +0 scale mail (worn)
 c - a +0 kite shield (worn)
Jewellery
 f - a ring of ice
 h - a ring of magical power
 i - a ring of willpower
 k - an amulet of the acrobat (around neck)
Scrolls
 e - 2 scrolls of identify {unknown}
Potions
 d - 2 potions of might
 g - a potion of berserk rage
 j - a potion of lignification {unknown}


   Skills:
 + Level 3.5 Fighting
 * Level 3.0 Axes
 + Level 3.2 Armour
 + Level 1.5 Dodging
 + Level 3.2 Shields


You had 3 spell levels left.
You didn't know any spells.
Your spell library was empty.

Dungeon Overview and Level Annotations

Branches:
Dungeon (3/15)

Altars:


Innate Abilities, Weirdness & Mutations

A weak demonic guardian rushes to your aid.
Spells you cast may paralyse nearby enemies.


Message History

You kill your ufetubus!
You completely miss something.
Something hits you but does no damage. x2
You bump into the rock wall.
Something hits you.
* * * LOW HITPOINT WARNING * * *
Something hits your quasit but does no damage.
You feel less confused.
There is an open door here.
It was a potion of berserk rage.
A red film seems to cover your vision as you go berserk!
You feel yourself moving faster!
You feel mighty! Something closely misses your quasit.
You are too berserk!
You swap places.
You feel a strong urge to attack something.
You hear some strange, mumbled words.
Something tries to affect you, but you resist.
There is an open door here.
You closely miss something. Something hits you.
* * * LOW HITPOINT WARNING * * *
A demonic guardian appears!
You closely miss something.
Your quasit bites something.
Your quasit claws something but does no damage. x2
Something hits you but does no damage.
You closely miss something.
Your quasit closely misses something. x2
Your quasit completely misses something.
Something hits you but does no damage.
Unknown command.
You miss something. Your quasit misses something.
Your quasit barely misses something.
Your quasit completely misses something.
Something hits you but does no damage.
You barely miss something.
Your quasit bites something but does no damage.
Your quasit claws something.
Your quasit barely misses something.
Your quasit bites something.
Your quasit closely misses something.
Your quasit barely misses something.
You hear some strange, mumbled words.
A magic dart appears from out of thin air!
The magic dart hits you.
You die...

###(...#ooo#....###.#
..##.8...#{#o..8.# #.#
#.###..###.###..## #.#
#.#### #.#.# ## #.# ##..#
##.## #.# # ##...# #8o8#
#.# #.#####....# #####o##
#.# #.#........###.##{#.#
#.# #....##....##..5@858#
####.####
###..###....##.##.#.#
##.#......
#....###...#####.##
##..#...... ##...#
#....###8.8###...#.#####
#...# #.....###.###....#.#
#...# #......##'##.....#.#
##...####...............#.#
##
#.._..####.......########.#
#. #...♣...#########.# #.#
#.


You could see 2 orcs and 2 friendly quasits.

Vanquished Creatures
  Jessica (D:2)
  A gnoll (D:1)
  2 adders
  A worm (D:2)
  5 orcs (D:3)
  10 ball pythons
  5 bats
  7 endoplasms
  A giant cockroach (D:1)
  6 goblins
  7 hobgoblins
  5 quokkas
  A frilled lizard (D:1)
  7 kobolds
  3 rats (D:1)
62 creatures vanquished.

Notes
Turn   | Place    | Note
-------+----------+-------------------------------------------
     0 | D:1      | Sin92 the Demonspawn Fighter began the quest for the Orb.
     0 | D:1      | Reached XP level 1. HP: 18/18 MP: 1/1
   306 | D:1      | Gained mutation: Spells you cast may paralyse adjacent
                  | enemies. [demonic ancestry]
   306 | D:1      | Reached XP level 2. HP: 21/24 MP: 2/2
   507 | D:1      | Gained mutation: Spells you cast may paralyse nearby
                  | enemies. [demonic ancestry]
   507 | D:1      | Reached XP level 3. HP: 27/29 MP: 3/3
   693 | D:1      | Reached skill level 1 in Dodging
  1543 | D:2      | Gained mutation: A weak demonic guardian rushes to your
                  | aid. [demonic ancestry]
  1543 | D:2      | Reached XP level 4. HP: 34/35 MP: 4/4
  1593 | D:2      | Noticed Jessica
  1600 | D:2      | Killed Jessica
  2367 | D:3      | Found a faded altar of an unknown god.
  2460 | D:3      | HP: 1/35 [something (1)]
  2473 | D:3      | HP: 2/52 [something (1)]
  2477 | D:3      | Killed from afar by an orc wizard

Illustrated notes

Levels and vault maps discovered:
D:1:      roderic_chinese_lattice_arrival, layout_basic, minmay_cupped
D:2:      layout_rooms, uniq_jessica
D:3:      mumra_celtic_spiral_tile, layout_loops_ring,
          hellmonk_ecumenical_altar_crossroads, minmay_tree_intersection,
          wad_orctagon

Skill      XL: |  1  2  3  4 |
---------------+-------------+-----
Axes           | 2 3 |  3.0
Shields        | 3 |  3.2
Dodging        | 1 |  1.5
Armour         | 3 |  3.2
Fighting       | |  3.5

Action                   |  1- 3 |  4- 6 || total
-------------------------+-------+-------++-------
Melee: War axe           |   111 |    44 ||   155
  Use: Scroll            |       |     1 ||     1
       Potion            |       |     1 ||     1
Armor: Scale mail        |    51 |    35 ||    86
Dodge: Dodged            |    56 |    25 ||    81
Block: Kite shield       |    67 |    24 ||    91

Table legend: (Time is in decaauts)
 A = Elapsed time spent in this place.
 B = Non-inter-level travel time spent in this place.
 C = Inter-level travel time spent in this place.
 D = Time resting spent in this place.
 E = Time spent auto-exploring this place.
 F = Levels seen in this place.
 G = Mean time per level.
                   A        B        C        D        E       F      G
               +--------+--------+--------+--------+--------+-----+--------+
         Total |   2569 |   2545 |     24 |      0 |   2138 |   3 |  856.3 |
       Dungeon |   2569 |   2545 |     24 |      0 |   2138 |   3 |  856.3 |
               +--------+--------+--------+--------+--------+-----+--------+

Top non-repeatable levels by time:
     D:1: 1213 daAuts
     D:2: 694 daAuts
     D:3: 661 daAuts
